[Event "*** Titled Tuesday Blitz"]
[Site "Chess.com"]
[Date "2020.01.07"]
[Round "2"]
[White "AlexandraBotez"]
[Black "FrogMist"]
[Result "0-1"]
[WhiteElo "2110"]
[BlackElo "2414"]
[TimeControl "180+2"]
[EndTime "13:22:26 PST"]
[Termination "FrogMist won by resignation"]

1. d4 Nf6 2. c4 c5 3. d5 e6 4.
Nf3 exd5 5. cxd5 d6 6. Nc3 g6 7. Bf4 a6 8. a4 Bg7 9. e3 O-O 10.
Nd2 Nh5 11. Bg3 f5 12. Be2 Nxg3 13. hxg3 Nd7 14. f4 Nf6 15. Kf2 Qe7 16. Bf3 Bd7 17.
a5 Rae8 18. Nc4 Bb5 19. Qe2 Bxc4 20. Qxc4 Qxe3+ 21. Kf1 Ng4 22. Bxg4 fxg4 23. Rd1 Bd4 24. Qe2 Qxg3 0-1

[Event "*** Titled Tuesday Blitz"]
[Site "Chess.com"]
[Date "2020.01.07"]
[Round "2"]
[White "oskariot"]
[Black "goldenspine"]
[Result "0-1"]
[WhiteElo "2601"]
[BlackElo "2336"]
[TimeControl "180+2"]
[EndTime "13:22:31 PST"]
[Termination "goldenspine won by resignation"]

1. e4 c6 2. d4 d5 3. Nd2 dxe4 4. Nxe4 Nd7 5. Ng5 Ngf6 6. Bd3 e6 7. N1f3 Be7 8. O-O O-O 9. Re1 h6 10. Ne4 Nxe4 11. Bxe4 Nf6 12. Bd3 c5 13. dxc5 Bxc5 14. Qe2 b6 15. Ne5 Bb7 16. c3 Qd5 17. Nf3 Rad8 18. Bc4 Qh5 19. Bf4 Qg4 20. Bg3 Bxf3 21.
Qxf3 Qxc4 22. Rad1 Rxd1 23. Rxd1 Qe4 24. h3 Qxf3 25.
gxf3 Rc8 26. Kg2 Kf8 27. c4 Ke7 28. b3 a5 29. h4 Rd8 30. Re1 Rd2 0-1

[Event "*** Titled Tuesday Blitz"]
[Site "Chess.com"]
[Date "2020.01.07"]
[Round "2"]
[White "StephenDedalus83"]
[Black "Gogolev_Artemy"]
[Result "1-0"]
[WhiteElo "2712"]
[BlackElo "2453"]
[TimeControl "180+2"]
[EndTime "13:22:40 PST"]
[Termination "StephenDedalus83 won by resignation"]

1. g3 g6 2. Bg2 Bg7 3. d3 Nf6 4. e4 d6 5. f4 O-O 6. Nf3 c5 7. O-O Nc6 8. h3 Bd7 9. g4 b5 10. f5 Ne8 11. Nc3 b4 12. Ne2 a5 13. Ng3 a4 14. Rb1 a3 15. b3 Nc7 16. Be3 Nb5 17.
Qc1 Nc3 18. Ra1 Nd4 19. Nxd4 cxd4 20. Bh6 Be5 21. Bf4 Bc6 22. Bxe5 dxe5 23. Qh6 Qe8 24. g5 f6 25. h4 Qf7 26. h5 Qg7 27. hxg6 hxg6 28.
fxg6 Be8 29. Nf5 Qxh6 30. Nxe7+ Kg7 31. gxh6+ Kxh6 32. Kf2 Bxg6 33. Rh1+ Kg7 34. Bh3 Ra7 35. Nxg6 Kxg6 36. Bf5+ Kf7 37. Rh7+ Ke8 38. Rxa7 1-0

[Event "*** Titled Tuesday Blitz"]
[Site "Chess.com"]
[Date "2020.01.07"]
[Round "2"]
[White "Korchmar_Vasiliy"]
[Black "SiddharthGMJagadeesh"]
[Result "1-0"]
[WhiteElo "2791"]
[BlackElo "2544"]
[TimeControl "180+2"]
[EndTime "13:22:47 PST"]
[Termination "Korchmar_Vasiliy won by resignation"]

1. d4 Nf6 2. c4 e6 3. g3 d5 4.
Bg2 Bb4+ 5. Nd2 O-O 6. Nf3 dxc4 7. Qc2 b5 8. a4 c6 9. axb5 cxb5 10. Ng5 h6 11. h4 Qxd4 12. Bxa8 c3 13. bxc3 Qxc3 14. Qb1 Nc6 15. Bxc6 Qxc6 16. Nf3 a5 17. O-O Bb7 18.
Rd1 Rd8 19. Ra2 Ne4 20. Rc2 Nc3 21. Rxc3 Bxc3 22. Qc2 b4 23. Nb3 Rxd1+ 24. Qxd1 a4 25. Na5 Qd5 26. Qxa4 Ba6 27. Nc6 Qc4 28. Ne7+ Kf8 29.
Qd7 g6 30. Bxh6+ 1-0

[Event "*** Titled Tuesday Blitz"]
[Site "Chess.com"]
[Date "2020.01.07"]
[Round "2"]
[White "kingofthenil"]
[Black "secretsuperstar7"]
[Result "1-0"]
[WhiteElo "2478"]
[BlackElo "2211"]
[TimeControl "180+2"]
[EndTime "13:22:50 PST"]
[Termination "kingofthenil won by checkmate"]

1. e4 c5 2. d3 Nc6 3. g3 Nf6 4. Bg2 d6 5. f4 g6 6. Nf3 Bg7 7.
O-O O-O 8. Nc3 Rb8 9. h3 b5 10. g4 a5 11. Kh1 Ba6 12. Be3 b4 13. Ne2 c4 14. b3 Nd7 15. dxc4 Bxa1 16. Qxa1 Nc5 17.
Ng3 Bb7 18. f5 Re8 19. Ng5 Ne5 20. Bxc5 dxc5 21. Qxe5 Rf8 22. Qxc5 Qd2 23. Qxe7 Rbe8 24. Qf6 Qxc2 25. Nh5 gxh5 26. Qh6 Re7 27. Qxh7# 1-0

[Event "*** Titled Tuesday Blitz"]
[Site "Chess.com"]
[Date "2020.01.07"]
[Round "2"]
[White "friesnielsen2302"]
[Black "ahachess"]
[Result "1-0"]
[WhiteElo "2509"]
[BlackElo "2260"]
[TimeControl "180+2"]
[EndTime "13:22:58 PST"]
[Termination "friesnielsen2302 won by checkmate"]

1. d4 g6 2. Nc3 Bg7 3. e4 d6 4. Be3 a6 5. h3 Nd7 6. g4 b5 7. Bg2 Bb7 8. a3 Nb6 9. Nge2 Nc4 10.
Bc1 e5 11. d5 Ne7 12. Ng3 Qd7 13. b3 Nb6 14. h4 O-O-O 15. g5 Kb8 16. a4 b4 17. Na2 a5 18. Bh3 Qe8 19. c3 c5 20.
cxb4 cxb4 21. Be3 Nbc8 22. Qd3 f5 23. gxf6 Bxf6 24. Rc1 Bxh4 25. Bxc8 Bxg3 26. Bxb7 Bxf2+ 27. Bxf2 Kxb7 28. Qe3 Nc8 29. Ke2 Qd7 30. Rc6 Kb8 31. Rhc1 Na7 32. Rc7 Qg4+ 33. Kd2 Nc8 34. Rxc8+ Rxc8 35. Qa7# 1-0

[Event "*** Titled Tuesday Blitz"]
[Site "Chess.com"]
[Date "2020.01.07"]
[Round "2"]
[White "PaulfromSPb"]
[Black "Schachmalanders"]
[Result "1-0"]
[WhiteElo "2656"]
[BlackElo "2323"]
[TimeControl "180+2"]
[EndTime "13:22:59 PST"]
[Termination "PaulfromSPb won by resignation"]

1. e4 c5 2. Ne2 d6 3. g3 g6 4.
Bg2 Bg7 5. c3 Nf6 6. d4 cxd4 7.
cxd4 O-O 8. Nbc3 Nc6 9. O-O Bd7 10. h3 a6 11. Be3 Rc8 12. Rc1 b5 13. a3 Na5 14. e5 Ne8 15. Nd5 dxe5 16. dxe5 Rxc1 17.
Qxc1 Nc4 18. Bc5 Nc7 19. Bxe7 Qc8 20. Nf6+ Kh8 21. Bxf8 Bxf8 22. Rd1 Bxh3 23. Bxh3 Qxh3 24. Rd8 Kg7 25. Nf4 Qf5 26. Ne8+ Nxe8 27. Rxe8 Qd7 28. Nh5+ 1-0

[Event "*** Titled Tuesday Blitz"]
[Site "Chess.com"]
[Date "2020.01.07"]
[Round "2"]
[White "Lukianoo"]
[Black "pedroholly22"]
[Result "1-0"]
[WhiteElo "2801"]
[BlackElo "2354"]
[TimeControl "180+2"]
[EndTime "13:23:08 PST"]
[Termination "Lukianoo won by resignation"]

1. e4 c5 2. Nf3 Nc6 3. c3 Nf6 4. e5 Nd5 5. Bc4 Nb6 6. Bb3 d5 7. exd6 exd6 8. O-O Be7 9. d4 cxd4 10. Nxd4 O-O 11.
Na3 Ne5 12. Bf4 Bg4 13. Qc2 Bh5 14. Rfe1 Bg6 15. Nf5 Bg5 16. Bxe5 dxe5 17. Rxe5 Kh8 18. Qe2 Bf6 19. Rd1 Qc7 20. Ra5 Nd7 21. Rad5 Nb6 22.
Nb5 Qf4 23. g3 Qg5 24. h4 Qxf5 25. Rxf5 Bxf5 26. Nd6 Be6 27. Bxe6 fxe6 28. Qxe6 h6 29. c4 Na4 30. Nf7+ Kh7 31. Rd7 Rxf7 32. Rxf7 Bxb2 33.
Rxb7 Kh8 34. Qc6 Nb6 35. Rxb6 1-0

[Event "*** Titled Tuesday Blitz"]
[Site "Chess.com"]
[Date "2020.01.07"]
[Round "2"]
[White "LarissaSteenbekkers"]
[Black "josiwales"]
[Result "0-1"]
[WhiteElo "1709"]
[BlackElo "2644"]
[TimeControl "180+2"]
[EndTime "13:23:09 PST"]
[Termination "josiwales won by resignation"]

1. e4 c5 2. Nc3 Nc6 3. Bb5 Nd4 4. Nf3 e6 5. O-O Ne7 6. Bd3 Nec6 7. b3 Be7 8. Bb2 O-O 9. Nxd4 Nxd4 10. Ne2 e5 11.
f4 d6 12. f5 Bg5 13. Nxd4 cxd4 14. Bc4 Kh8 15. a4 a6 16. Qh5 Bxd2 17. f6 g6 18. Qh4 Be3+ 19. Kh1 Be6 20. Rf3 Rc8 21. Bd3 Rg8 22. Raf1 g5 23. Qh5 Rg6 24. Bc4 Rxc4 25. bxc4 g4 26. Rf5 Bxf5 27. Qxf5 Rg5 0-1

[Event "*** Titled Tuesday Blitz"]
[Site "Chess.com"]
[Date "2020.01.07"]
[Round "2"]
[White "SantoBlue"]
[Black "Mostii"]
[Result "1-0"]
[WhiteElo "2745"]
[BlackElo "2528"]
[TimeControl "180+2"]
[EndTime "13:23:12 PST"]
[Termination "SantoBlue won by checkmate"]

1. e4 e6 2. d4 d5 3. Nd2 Nf6 4. e5 Nfd7 5. Bd3 c5 6. c3 b5 7. Bxb5 Qb6 8. Bxd7+ Nxd7 9. Ne2 cxd4 10. cxd4 Ba6 11.
O-O Bxe2 12. Qxe2 Qxd4 13. Nf3 Qb6 14. Be3 Bc5 15. Bxc5 Nxc5 16. Rad1 O-O 17. h4 Rfb8 18. b3 h6 19. Rd4 Ne4 20. Kh2 a5 21. Qe3 Rc8 22.
Rxe4 Qb5 23. Rg4 Qxf1 24. Qxh6 g6 25. Ng5 Qxf2 26. Nxe6 fxe6 27. Rxg6+ Kf7 28. Qg7+ Ke8 29.
Rxe6+ Kd8 30. Qe7# 1-0

[Event "*** Titled Tuesday Blitz"]
[Site "Chess.com"]
[Date "2020.01.07"]
[Round "2"]
[White "hermionegrangermagic"]
[Black "The_Chess_Coach"]
[Result "0-1"]
[WhiteElo "2440"]
[BlackElo "2200"]
[TimeControl "180+2"]
[EndTime "13:23:14 PST"]
[Termination "The_Chess_Coach won by checkmate"]

1. e4 e5 2. Nf3 Nc6 3. Bb5 a6 4.
Ba4 Nf6 5. O-O Be7 6. Re1 b5 7. Bb3 O-O 8. a4 d5 9. axb5 dxe4 10. bxc6 exf3 11. Qxf3 e4 12. Qe3 Bf5 13. Nc3 Bd6 14. h3 Re8 15. Nd5 Be5 16. Nxf6+ Qxf6 17.
c3 Qxc6 18. Ba4 Qd6 19. Bxe8 Rxe8 20. Qe2 Re6 21. Ra4 h6 22. g4 Bg6 23. b3 Bh2+ 24. Kh1 Qf4 25. d3 exd3 26. Bxf4 Rxe2 27. Rd1 Bxf4 28. Rxf4 d2 29. Kg2 Bc2 30. Rxd2 Rxd2 31. Rc4 Bxb3 32. Rxc7 Bd5+ 33. Kg3 Rd3+ 34. Kf4 f6 35. c4 Rf3# 0-1

[Event "*** Titled Tuesday Blitz"]
[Site "Chess.com"]
[Date "2020.01.07"]
[Round "2"]
[White "Terao90"]
[Black "szefru"]
[Result "1-0"]
[WhiteElo "2428"]
[BlackElo "2122"]
[TimeControl "180+2"]
[EndTime "13:23:21 PST"]
[Termination "Terao90 won by resignation"]

1. d4 d5 2. Nf3 c6 3. Bf4 Nf6 4. e3 e6 5. c4 a6 6. c5 Nbd7 7.
h3 b6 8. cxb6 Qxb6 9. Qc1 Ne4 10. Be2 Bb4+ 11. Nbd2 Ndf6 12. a3 Bxd2+ 13. Nxd2 O-O 14. O-O Nxd2 15. Qxd2 Ne4 16. Qc2 Bb7 17. f3 Nf6 18. Bd6 Rfe8 19. b4 a5 20. Bc5 Qc7 21.
Qb2 axb4 22. axb4 Rxa1 23. Rxa1 Qg3 24. Bf1 e5 25. Ra7 Bc8 26. Qf2 Qxf2+ 27. Kxf2 e4 28.
b5 Bd7 29. b6 exf3 30. gxf3 g5 31. b7 Bxh3 32. Bxh3 g4 33. Bxg4 1-0

[Event "*** Titled Tuesday Blitz"]
[Site "Chess.com"]
[Date "2020.01.07"]
[Round "2"]
[White "Naruto-K"]
[Black "filali-marouan"]
[Result "0-1"]
[WhiteElo "2490"]
[BlackElo "2288"]
[TimeControl "180+2"]
[EndTime "13:23:22 PST"]
[Termination "filali-marouan won by resignation"]

1. d4 c6 2. Nf3 d5 3. Bf4 Nf6 4. e3 g6 5. c4 Bg7 6. Nc3 e6 7.
h3 O-O 8. c5 Nbd7 9. Be2 Re8 10. Bh2 Ne4 11. Nxe4 dxe4 12. Ne5 Nxe5 13. Bxe5 Bxe5 14.
dxe5 Qa5+ 15. Qd2 Qxc5 16. Qc3 Qxc3+ 17. bxc3 Rd8 18. Rd1 Bd7 19. Rd4 Be8 20. Rxe4 c5 21. Rc4 b6 22. Rh4 Rac8 23. f3 Rd5 24. f4 Rcd8 25.
Rg4 Rd2 26. h4 h5 27. Rg5 Bc6 28. Rh2 Rxa2 29. g4 Bf3 30. gxh5 Rdd2 31. Bxf3 Rxh2 32. Rg1 Ra1+ 33. Bd1 Rha2 34. hxg6 Rxd1+ 0-1

[Event "*** Titled Tuesday Blitz"]
[Site "Chess.com"]
[Date "2020.01.07"]
[Round "2"]
[White "Mikasinski"]
[Black "ristingho"]
[Result "0-1"]
[WhiteElo "2284"]
[BlackElo "2513"]
[TimeControl "180+2"]
[EndTime "13:23:23 PST"]
[Termination "ristingho won by resignation"]

1. e4 c6 2. d4 d5 3. e5 Bf5 4. h4 c5 5. dxc5 Nc6 6. Nf3 e6 7. c3 Bxc5 8. Bd3 Bg4 9. Bb5 Ne7 10. Qa4 Bxf3 11. gxf3 a6 12. Bxc6+ Nxc6 13. f4 O-O 14. h5 h6 15. b4 b5 16. Qc2 Bb6 17. Be3 d4 18. cxd4 Nxb4 19. Qd2 Bxd4 20. Bxd4 Qxd4 21. Qxd4 Nc2+ 22. Kd2 Nxd4 23. Na3 Rfd8 24. Kc3 Ne2+ 25. Kb4 Nxf4 26. Rad1 Nd3+ 27. Ka5 Nxe5 28. Rxd8+ Rxd8 29. Kxa6 Ra8+ 0-1

[Event "*** Titled Tuesday Blitz"]
[Site "Chess.com"]
[Date "2020.01.07"]
[Round "2"]
[White "Zarikovs1999"]
[Black "masrahi"]
[Result "0-1"]
[WhiteElo "2356"]
[BlackElo "1996"]
[TimeControl "180+2"]
[EndTime "13:23:30 PST"]
[Termination "masrahi won by checkmate"]

1. e4 c6 2. d4 d5 3. Nc3 dxe4 4. Nxe4 Bf5 5. Ng3 Bg6 6. h4 h6 7. Nf3 Nd7 8. h5 Bxc2 9. Bd3 Bxd1 10. Kxd1 e6 11.
Bd2 Ngf6 12. b4 Nd5 13. Rb1 Be7 14. Ne2 a6 15. Re1 N7f6 16. Ne5 O-O 17. g4 Bd6 18. g5 hxg5 19. Bxg5 Nxb4 20. Be4 Bxe5 21. h6 Bxd4 22. Kc1 Nxa2+ 23. Kc2 Qa5 24. Rh1 Qxg5 25. Rbg1 Qc5+ 26. Kd1 Nxe4 27. hxg7 Nxf2+ 28. Kd2 Qb4+ 29. Kc2 Qc4+ 30. Kd2 Qd3+ 31. Ke1 Qd1# 0-1

[Event "*** Titled Tuesday Blitz"]
[Site "Chess.com"]
[Date "2020.01.07"]
[Round "2"]
[White "icychess54"]
[Black "Jbd735"]
[Result "0-1"]
[WhiteElo "2188"]
[BlackElo "2466"]
[TimeControl "180+2"]
[EndTime "13:23:32 PST"]
[Termination "Jbd735 won by checkmate"]

1. c4 c6 2. Nf3 d5 3. e3 Nf6 4.
Nc3 e6 5. b3 Nbd7 6. Bb2 Bd6 7.
d4 Qe7 8. Be2 O-O 9. O-O a6 10. a4 e5 11. dxe5 Nxe5 12. cxd5 Nfg4 13. h3 Nxf3+ 14. Bxf3 Qe5 15. g3 Nxe3 16. fxe3 Qxg3+ 17. Bg2 Qh2+ 18. Kf2 Qg3+ 19. Kg1 Qh2+ 20. Kf2 Bg3+ 21. Kf3 Bh4 22. Ne2 Bxh3 23. Rg1 f5 24. Bxh3 Qf2# 0-1

[Event "*** Titled Tuesday Blitz"]
[Site "Chess.com"]
[Date "2020.01.07"]
[Round "2"]
[White "Firouzja2003"]
[Black "IgorBjelobrk"]
[Result "1-0"]
[WhiteElo "3064"]
[BlackElo "2632"]
[TimeControl "180+2"]
[EndTime "13:23:35 PST"]
[Termination "Firouzja2003 won by resignation"]

1. e4 e5 2. Nf3 Nc6 3. Bb5 a6 4. Ba4 Nf6 5. O-O Be7 6. Re1 b5 7. Bb3 d6 8. c3 O-O 9. d4 Bg4 10. d5 Na5 11. Bc2 Qc8 12. Nbd2 c6 13. dxc6 Qxc6 14. h3 Be6 15. Ng5 Bd7 16. Qe2 h6 17.
Ngf3 Be6 18. Nf1 Nc4 19. Ng3 Rfe8 20. Nh4 Bf8 21. Nhf5 Kh8 22. Qf3 Nh7 23. b3 Nb6 24. Bd2 Rac8 25. Rad1 Nd7 26. Ne3 Nhf6 27. Ng4 Nxg4 28.
hxg4 Kg8 29. Nf5 Nf6 30. Nxh6+ gxh6 31. Qxf6 Bxg4 32. f3 Bh5 33. Qh4 Bg6 34. Bd3 Qc7 35. Bxh6 Bxh6 36. Qxh6 Qxc3 37. Kf2 Qc5+ 38. Kg3 1-0

[Event "*** Titled Tuesday Blitz"]
[Site "Chess.com"]
[Date "2020.01.07"]
[Round "2"]
[White "Aleksey_Sorokin"]
[Black "allvim"]
[Result "1-0"]
[WhiteElo "2870"]
[BlackElo "2355"]
[TimeControl "180+2"]
[EndTime "13:23:45 PST"]
[Termination "Aleksey_Sorokin won by resignation"]

1. d4 Nf6 2. c4 g6 3. Nc3 d5 4.
cxd5 Nxd5 5. e4 Nxc3 6. bxc3 Bg7 7. Nf3 c5 8. Be3 O-O 9. Be2 Qa5 10. O-O Nc6 11.
Qb3 b6 12. a4 Bg4 13. Rad1 Rad8 14. d5 Bxf3 15. gxf3 Ne5 16. c4 h5 17. f4 Ng4 18. Bd2 Qa6 19. h3 Nf6 20. e5 Nxd5 21. cxd5 Qxe2 22. Rfe1 Qa6 23. f5 c4 24. Qg3 Rxd5 25.
fxg6 fxg6 26. Qxg6 Qc8 27. Bh6 Rf7 28. e6 1-0

[Event "*** Titled Tuesday Blitz"]
[Site "Chess.com"]
[Date "2020.01.07"]
[Round "2"]
[White "chessking2151"]
[Black "Indianlad"]
[Result "0-1"]
[WhiteElo "2595"]
[BlackElo "2929"]
[TimeControl "180+2"]
[EndTime "13:23:49 PST"]
[Termination "Indianlad won by resignation"]

1. d4 Nf6 2. c4 e6 3. Nf3 d5 4. Nc3 c6 5. e3 Nbd7 6. Qc2 b6 7. a3 Bb7 8. Bd3 Be7 9. O-O O-O 10. b4 dxc4 11. Bxc4 c5 12. dxc5 bxc5 13. b5 Bxf3 14. gxf3 Qc7 15. Bb2 Qe5 16. f4 Qh5 17. Qe2 Qh3 18. f3 Nb6 19. Ba2 c4 20. a4 Bc5 21.
Kh1 Rfd8 22. Rg1 g6 23. a5 Nbd5 24. Nxd5 Nxd5 25. Rg3 Qh6 26. Qxc4 Bxe3 27. f5 exf5 28. Rf1 Rac8 29. Qd3 Nc3 30. Qc2 Rd2 0-1

[Event "*** Titled Tuesday Blitz"]
[Site "Chess.com"]
[Date "2020.01.07"]
[Round "2"]
[White "kleinebeer98"]
[Black "BeanScreen"]
[Result "1-0"]
[WhiteElo "2698"]
[BlackElo "2407"]
[TimeControl "180+2"]
[EndTime "13:23:52 PST"]
[Termination "kleinebeer98 won by resignation"]

1. e4 e5 2. Nf3 Nc6 3. d4 exd4 4. c3 Nf6 5. e5 Nd5 6. cxd4 Bb4+ 7. Bd2 O-O 8. Bd3 d6 9. O-O Bg4 10. exd6 Nxd4 11. dxc7 Qxc7 12. Bxh7+ Kxh7 13. Ng5+ Kg8 14. Qxg4 Bxd2 15. Nxd2 Nf4 16. Ndf3 Rfd8 17. Rad1 Nde2+ 18. Kh1 Rxd1 19. Rxd1 Nd3 20. Qh4 Rd8 21. Rf1 Qb6 22. h3 Qxb2 23. Qh7+ Kf8 24. Qf5 Nxf2+ 25. Kh2 Qf6 26.
Nh7+ Ke7 27. Nxf6 gxf6 28. Rxf2 1-0

[Event "*** Titled Tuesday Blitz"]
[Site "Chess.com"]
[Date "2020.01.07"]
[Round "2"]
[White "patrisiii123"]
[Black "enzovsky"]
[Result "0-1"]
[WhiteElo "2451"]
[BlackElo "2253"]
[TimeControl "180+2"]
[EndTime "13:23:58 PST"]
[Termination "enzovsky won by resignation"]

1. e4 c6 2. d4 d5 3. exd5 cxd5 4. Bd3 Nc6 5. c3 Nf6 6. h3 e5 7. dxe5 Nxe5 8. Qe2 Qe7 9. Bc2 Bd7 10. Nd2 O-O-O 11. Ngf3 Nxf3+ 12. Nxf3 Qxe2+ 13. Kxe2 Bc5 14. Be3 Rhe8 15.
Kd2 Bxe3+ 16. fxe3 Ne4+ 17. Bxe4 dxe4 18. Nd4 Re5 19.
Kc2 Rg5 20. g4 h5 21. Raf1 hxg4 22. hxg4 f6 23. Rf4 Rxg4 24. Rh4 Rg2+ 25. Kb3 g5 26. Rxe4 gxh4 27. Rxh4 Rg3 28. e4 Rg4 29. Rh6 Rxe4 30.
Rxf6 Re1 31. Kb4 Rg1 32. b3 Rh8 33. a4 b6 34. Rf3 a5+ 35. Kc4 Rh3 36. Rf8+ Kc7 37.
Rf7 Rgg3 38. Nb5+ Kd8 0-1

[Event "*** Titled Tuesday Blitz"]
[Site "Chess.com"]
[Date "2020.01.07"]
[Round "2"]
[White "chigorin28"]
[Black "CzechmVIII"]
[Result "1-0"]
[WhiteElo "2435"]
[BlackElo "2139"]
[TimeControl "180+2"]
[EndTime "13:23:59 PST"]
[Termination "chigorin28 won by resignation"]

1. e4 c5 2. Nf3 d6 3. c3 Nf6 4.
Bd3 Nc6 5. h3 g6 6. O-O Bg7 7.
Re1 e5 8. Bc2 O-O 9. d4 exd4 10.
cxd4 cxd4 11. Nxd4 Re8 12. Nxc6 bxc6 13. Nc3 Rb8 14.
Rb1 Be6 15. Be3 Qc7 16. Qd2 d5 17. Bf4 Qa5 18. Bxb8 Rxb8 19. a3 dxe4 20. Qd6 Rd8 21. Qxc6 Nd5 22. Nxd5 Bxd5 23. Qa4 Qb6 24. Bxe4 Bb3 25.
Qc6 Qa5 26. Bf3 h5 27. Qb7 Bc2 28. Rbc1 Bh6 29. Ra1 Bf5 30. Be4 Re8 31. b4 Qe5 32.
Bxf5 Qxe1+ 33. Rxe1 Rxe1+ 34. Kh2 gxf5 35. Qc8+ Kg7 36.
Qxf5 Re6 37. Qxh5 Bf4+ 38. g3 Bd6 39. Qg4+ Rg6 40. Qd4+ Kh7 41. Qxa7 Kg7 42. Qd4+ Kh7 43. a4 1-0

[Event "*** Titled Tuesday Blitz"]
[Site "Chess.com"]
[Date "2020.01.07"]
[Round "2"]
[White "GianmarcoVaR"]
[Black "The_Bestplayer"]
[Result "0-1"]
[WhiteElo "2571"]
[BlackElo "2870"]
[TimeControl "180+2"]
[EndTime "13:24:04 PST"]
[Termination "The_Bestplayer won by checkmate"]

1. d4 Nf6 2. Nf3 b6 3. Bg5 Bb7 4. Nbd2 c5 5. e3 e6 6. c3 Be7 7.
Bd3 O-O 8. O-O d5 9. Qe2 h6 10. Bh4 Nc6 11. Ne5 Nxe5 12. dxe5 Ne4 13. Bxe7 Qxe7 14.
Bxe4 dxe4 15. Qg4 Qc7 16. Qf4 Qc6 17. Rfd1 Rad8 18. Nc4 Rxd1+ 19. Rxd1 Qa4 20. b3 Qxa2 21. Nd6 Qxb3 22. Qg4 Bd5 23. c4 Bxc4 24. Nxe4 Bd5 25. Nf6+ Kh8 26. Nh5 Rg8 27. h4 c4 28. Nf6 gxf6 29.
Qf4 Rxg2+ 30. Kf1 Qxd1# 0-1

[Event "*** Titled Tuesday Blitz"]
[Site "Chess.com"]
[Date "2020.01.07"]
[Round "2"]
[White "Chesscoach_Golichenko"]
[Black "Bad4life"]
[Result "1-0"]
[WhiteElo "2548"]
[BlackElo "2312"]
[TimeControl "180+2"]
[EndTime "13:24:08 PST"]
[Termination "Chesscoach_Golichenko won by checkmate"]

1. d4 d5 2. c4 e6 3. Nc3 Bb4 4. Qc2 dxc4 5. e3 b5 6. a4 c6 7. axb5 cxb5 8. b3 Nd7 9. bxc4 bxc4 10. Bxc4 Qc7 11. Qb3 Rb8 12. Ne2 Ngf6 13. Bd2 O-O 14. h3 Nb6 15. Bd3 Nbd5 16. Qc4 Qe7 17. e4 Nb6 18.
Qa2 a5 19. O-O Bb7 20. e5 Nfd5 21. Ne4 h6 22. N2g3 Bxd2 23. Qxd2 a4 24. Nc5 Bc6 25. f4 Rfd8 26. f5 Be8 27. f6 gxf6 28. Qxh6 Qf8 29. Qh7# 1-0

[Event "*** Titled Tuesday Blitz"]
[Site "Chess.com"]
[Date "2020.01.07"]
[Round "2"]
[White "isla88"]
[Black "GoldenShare"]
[Result "0-1"]
[WhiteElo "2213"]
[BlackElo "2476"]
[TimeControl "180+2"]
[EndTime "13:24:10 PST"]
[Termination "GoldenShare won by checkmate"]

1. b3 e5 2. Bb2 Nc6 3. e3 Nf6 4. c4 d5 5. cxd5 Nxd5 6. a3 Bd6 7. d3 Qe7 8. Be2 f5 9. Qc2 O-O 10. Nf3 Kh8 11. Nbd2 Bd7 12. O-O Rae8 13. b4 a6 14.
Rac1 Qf7 15. Nb3 Qg6 16. Nc5 Bc8 17. Qc4 Nf6 18. Nxa6 e4 19. dxe4 fxe4 20. Nd2 Ne5 21.
Bxe5 Rxe5 22. Nc5 Bh3 23. g3 Bxf1 24. Bxf1 b6 25. Ncb3 Ng4 26. Bg2 Nxf2 27. Rf1 Ref5 28. Nxe4 Nxe4 29. Rxf5 Qxf5 30. Qxe4 Qf2+ 31. Kh1 Qe1+ 32.
Bf1 Qxf1# 0-1

[Event "*** Titled Tuesday Blitz"]
[Site "Chess.com"]
[Date "2020.01.07"]
[Round "2"]
[White "RaunakSadhwani2005"]
[Black "PowerThinking2650"]
[Result "0-1"]
[WhiteElo "2735"]
[BlackElo "2367"]
[TimeControl "180+2"]
[EndTime "13:24:14 PST"]
[Termination "PowerThinking2650 won by resignation"]

1. d4 Nf6 2. Nc3 d5 3. Bf4 g6 4. e3 Bg7 5. h4 h5 6. Nf3 O-O 7. Ne5 c5 8. Be2 cxd4 9. exd4 Nc6 10.
Qd2 Bf5 11. O-O-O Rc8 12. Bd3 Nxd4 13. Bxf5 Nxf5 14. Nxd5 Nxd5 15. Qxd5 Qb6 16. Rd2 Rc5 17. Qe4 Rfc8 18. Nd3 Rc4 19. Qd5 Nd4 20. c3 Ne2+ 21.
Rxe2 Bxc3 22. Kb1 Rd4 23. Qf3 Rcd8 24. Rd1 Qb5 25. Kc2 Bxb2 26. Nxb2 Rc8+ 0-1

[Event "*** Titled Tuesday Blitz"]
[Site "Chess.com"]
[Date "2020.01.07"]
[Round "2"]
[White "cstevens1"]
[Black "arjwezhrtdrz"]
[Result "1-0"]
[WhiteElo "2668"]
[BlackElo "2302"]
[TimeControl "180+2"]
[EndTime "13:24:15 PST"]
[Termination "cstevens1 won by resignation"]

1. e4 d5 2. exd5 Qxd5 3. Nc3 Qd8 4. d4 Nf6 5. Bc4 e6 6. Nf3 c6 7. O-O Be7 8. Qe2 O-O 9. Rd1 Nbd7 10. Bf4 Nb6 11. Bb3 Nbd5 12. Bg3 Nxc3 13. bxc3 Bd6 14. Ne5 Qc7 15. c4 b6 16. c5 Bxe5 17. Bxe5 Qd8 18. Qf3 Bb7 19. c4 Re8 20. Rd3 Nd7 21. Bd6 Qf6 22. Qd1 g6 23. Rf3 Qg7 24. Rc1 Rad8 25. Rd3 Qf6 26. Qf1 bxc5 27. dxc5 Ne5 28. Re3 Ng4 29. Rf3 Qd4 30. Rf4 Ne3 31. Rxd4 Nxf1 32. Kxf1 f6 33. Rcd1 Kf7 34. Bc7 Rxd4 35. Rxd4 Re7 36.
Bd8 1-0

[Event "*** Titled Tuesday Blitz"]
[Site "Chess.com"]
[Date "2020.01.07"]
[Round "2"]
[White "albi1999"]
[Black "tigra"]
[Result "0-1"]
[WhiteElo "2534"]
[BlackElo "2753"]
[TimeControl "180+2"]
[EndTime "13:24:17 PST"]
[Termination "tigra won by resignation"]

1. d4 d5 2. Nf3 e6 3. c4 a6 4. Bg5 f6 5. Bd2 dxc4 6. e3 b5 7.
a4 Bb7 8. axb5 axb5 9. Rxa8 Bxa8 10. b3 c5 11. bxc4 b4 12. dxc5 Bxc5 13. Nd4 Bxd4 14. exd4 Qxd4 15. Bxb4 Qe4+ 16. Be2 Qxg2 17. Rf1 Nc6 18.
Bd6 Qe4 19. Nc3 Qd4 20. Nb5 Qxd1+ 21. Kxd1 Nge7 22. c5 Kf7 23. Kc2 Nf5 24. Kc3 Bb7 25. Rb1 Ra8 26. Bc4 Bc8 27. Nc7 Ra3+ 28. Rb3 Ra1 29. Rb6 Rc1+ 30. Kd3 Nxd6 31. cxd6 Ne5+ 32. Kd2 Nxc4+ 0-1

[Event "*** Titled Tuesday Blitz"]
[Site "Chess.com"]
[Date "2020.01.07"]
[Round "2"]
[White "vlad_Sid"]
[Black "spectralsoul"]
[Result "1-0"]
[WhiteElo "2602"]
[BlackElo "2874"]
[TimeControl "180+2"]
[EndTime "13:24:21 PST"]
[Termination "vlad_Sid won by resignation"]

1. c4 c5 2. g3 Nf6 3. Bg2 d5 4. cxd5 Nxd5 5. Nc3 Nc7 6. Qa4+ Bd7 7. Qb3 Nc6 8. Qxb7 Nd4 9. Qe4 Bf5 10. Qxf5 Nxf5 11.
Bc6+ Qd7 12. Bxd7+ Kxd7 13. Nf3 f6 14. d3 e5 15. O-O Rb8 16. b3 Nd4 17. Nd2 Ncb5 18. Nde4 f5 19. Nxb5 Nxe2+ 20. Kg2 fxe4 21. Na3 exd3 22.
Rd1 e4 23. f3 exf3+ 24. Kxf3 Bd6 25. Rxd3 Nd4+ 26. Kg2 Kc6 27. Be3 Nf5 28. Bf2 Rhe8 29. Nc4 Bc7 30. Rc1 Re2 31. Rd2 Rbe8 32. Kf3 Rxd2 33.
Nxd2 Bb6 34. Ne4 Re5 35. Nxc5 Kb5 36. a4+ Ka5 37. b4+ 1-0

[Event "*** Titled Tuesday Blitz"]
[Site "Chess.com"]
[Date "2020.01.07"]
[Round "2"]
[White "Kirill_Klukin"]
[Black "davigator"]
[Result "1-0"]
[WhiteElo "2668"]
[BlackElo "2330"]
[TimeControl "180+2"]
[EndTime "13:24:23 PST"]
[Termination "Kirill_Klukin won by checkmate"]

1. Nf3 d5 2. d4 c6 3. c4 Nf6 4. Nbd2 g6 5. e3 Bg7 6. Bd3 O-O 7. O-O a6 8. Qe2 Bf5 9. Bxf5 gxf5 10. b3 e6 11. Bb2 Nbd7 12. Rac1 Re8 13. h3 Ne4 14. Rfd1 a5 15. a3 Kh8 16. Ne1 Rg8 17. f3 Nd6 18.
Nd3 Qh4 19. Qf2 Qh5 20. cxd5 cxd5 21. Rc7 Rgd8 22. Rdc1 Bh6 23. a4 b6 24. Ba3 Ne8 25.
R7c6 Qg5 26. Nf1 Qg8 27. Be7 Rdb8 28. Qh4 Bf8 29. Nf4 Qg7 30. Kh2 Ndf6 31. Bxf8 Qxf8 32.
Ng3 Qg7 33. Ngh5 Nxh5 34. Nxh5 Qg6 35. Nf4 Qf6 36. Qg3 Qg7 37. Qxg7+ Kxg7 38. Nd3 b5 39. Ne5 bxa4 40. bxa4 Kf8 41. R1c5 Kg7 42. Kg3 Rb4 43. Rb5 Rxa4 44. Rb7 Rb4 45. Rxf7+ Kg8 46. Rxe6 a4 47. Ree7 Rb6 48. Nd7 Rg6+ 49. Kf4 a3 50. Rf8# 1-0